 Dungeon Crawl Stone Soup version 0.22-a0-619-ga0c6fd2 (webtiles) character file.

13227 Amnesiac the Slicer (level 11, 0/68 HPs)
             Began as a Mummy Earth Elementalist on July 14, 2018.
             Was a Priest of Ashenzari.
             Slain by a vampire mosquito (12 damage)
             ... on level 12 of the Dungeon.
             The game lasted 00:25:14 (13293 turns).

Amnesiac the Slicer (Mummy Earth Elementalist)     Turns: 13293, Time: 00:25:15

Health: 0/68       AC:  5    Str: 11    XL:     11   Next: 72%
Magic:  5/20       EV: 14    Int: 18    God:    Ashenzari [***...]
Gold:   197        SH:  5    Dex: 13    Spells: 8/23 levels left

rFire    x . .     SeeInvis +   a - +10 dagger of Proximity {pierce, rPois}
rCold    + . .     Gourm    .   p - +0 buckler
rNeg     + + +     Faith    .   c - +0 robe
rPois    ∞         Spirit   .   k - +0 helmet
rElec    .         Reflect  .   j - +0 cloak
rCorr    .         Harm     .   m - +0 pair of gloves
MR       ++...                  (no boots)
Stlth    +++.......             y - amulet of magic regeneration
HPRegen  0.21/turn              q - ring of protection from magic
MPRegen  0.42/turn              n - ring of wizardry

@: no status effects
A: no food or potions, fire vulnerability, cold resistance 1, negative energy
resistance 3, torment resistance, unbreathing
a: Curse Item, Scrying, Renounce Religion


You were on level 12 of the Dungeon.
You worshipped Ashenzari.
Ashenzari was most pleased with you.
You were not hungry.

You visited 1 branch of the dungeon, and saw 12 of its levels.

You collected 551 gold pieces.
You spent 354 gold pieces at shops.

Inventory:

Hand Weapons
 a - the +10 dagger of Proximity (weapon) {pierce, rPois}
   (You bought it in a shop on level 10 of the Dungeon)

   It inflicts extra damage upon your enemies.
   It protects you from poison.
 b - a +0 blowgun
Missiles
 h - 214 stones (quivered)
 D - 43 poisoned needles
Armour
 c - a +0 robe (worn)
 j - a +0 cloak (worn)
 k - a +0 helmet (worn)
 m - a +0 pair of gloves (worn)
 p - a +0 buckler (worn)
 t - a cursed -2 robe
 C - a cursed +0 pair of gloves
 J - a +1 cloak of magic resistance
Jewellery
 i - an uncursed ring of flight
 n - a ring of wizardry (right hand)
 q - a ring of protection from magic (left hand)
 y - an amulet of magic regeneration (around neck)
 G - a +3 amulet of reflection
Wands
 f - a wand of paralysis (8)
 A - a wand of digging (23)
 B - a wand of acid (13)
 H - a wand of random effects (13)
 K - a wand of flame (28)
Scrolls
 d - 3 scrolls of random uselessness {!r, unknown}
 e - 16 scrolls of identify {!r, unknown}
 g - 4 scrolls of amnesia {!r, unknown}
 l - a scroll of enchant weapon {!r, unknown}
 o - 8 scrolls of teleportation {!r, unknown}
 r - 2 scrolls of blinking {!r, unknown}
 s - a scroll of holy word {!r, unknown}
 u - 2 scrolls of enchant armour {!r, unknown}
 v - a scroll of fog {!r, unknown}
 w - 2 scrolls of brand weapon {!r, unknown}
 x - 2 scrolls of magic mapping {!r, unknown}
 z - 2 scrolls of remove curse {!r}
 E - a scroll of torment {!r, unknown}
 F - a scroll of acquirement {!r, unknown}
 I - 3 scrolls of immolation {!r, unknown}


   Skills:
 - Level 10.1 Short Blades
 + Level 4.4 Dodging
 - Level 7.0 Stealth
 - Level 4.0 Shields
 - Level 6.5 Spellcasting
 - Level 5.0 Transmutations
 - Level 6.5 Earth Magic


You had 8 spell levels left.
You knew the following spells:

 Your Spells              Type           Power        Failure   Level  Hunger
a - Stone Arrow           Conj/Erth      ###...       3%          3    N/A
b - Passwall              Tmut/Erth      ####....     1%          2    N/A
c - Sandblast             Erth           ####..       1%          1    N/A
d - Lee's Rapid Deconstr  Erth           ####......   9%          5    N/A
e - Petrify               Tmut/Erth      ####....     4%          4    N/A

Your spell library contained the following spells:

 Spells                   Type           Power        Failure   Level  Hunger
 Cause Fear               Hex            #.........   41%         4    N/A
 Bolt of Cold             Conj/Ice       #.........   99%         6    N/A
 Freezing Cloud           Conj/Ice/Air   #.........   99%         6    N/A
 Mephitic Cloud           Conj/Pois/Air  #.......     14%         3    N/A
 Venom Bolt               Conj/Pois      #.........   75%         5    N/A
 Olgreb's Toxic Radiance  Pois           #.......     41%         4    N/A
 Summon Small Mammal      Summ           #...         4%          1    N/A
 Ozocubu's Refrigeration  Ice            #.........   99%         6    N/A
 Summon Ice Beast         Ice/Summ       #.......     41%         4    N/A
 Call Imp                 Summ           #.......     7%          2    N/A
 Sting                    Conj/Pois      #...         4%          1    N/A
 Ice Form                 Ice/Tmut       ##......     16%         4    N/A
 Deflect Missiles         Chrm/Air       #.........   99%         6    N/A
 Call Canine Familiar     Summ           #.......     14%         3    N/A
 Metabolic Englaciation   Hex/Ice        #.........   75%         5    N/A
 Silence                  Hex/Air        #.........   75%         5    N/A
 Simulacrum               Ice/Necr       #.........   99%         6    N/A
 Discord                  Hex            #.........   100%        8    N/A
 Summon Lightning Spire   Summ/Air       #.......     41%         4    N/A
 Summon Guardian Golem    Hex/Summ       #.......     14%         3    N/A
 Yara's Violent Unravell  Hex/Tmut       ##........   41%         5    N/A
 Poisonous Vapours        Pois/Air       #.....       7%          2    N/A

Dungeon Overview and Level Annotations

Branches:
Dungeon (12/15)            Temple (0/1) D:7            Lair (0/6) D:11
    Orc (0/2) D:10

Altars:
Ashenzari
Kikubaaqudgha
Okawaru
Trog
Uskayaw
Vehumet
Wu Jian
The Shining One

Shops:
D:5 :   D:10 *(

Annotations:
D:5 1 runed door, sking99's ghost, novice DrTm


Innate Abilities, Weirdness & Mutations

You do not eat or drink.
Your flesh is vulnerable to fire.
You are immune to poison.
Your flesh is cold resistant. (rC+)
You are immune to negative energy. (rN+++)
You are immune to unholy pain and torment.
You can survive without breathing.


Message History

The killer bee is moderately wounded.
The blast of rock fragments hits the killer bee.
The killer bee is moderately wounded.
You hear a shout!
You hear an angry buzzing noise. x2
The killer bee stings you but does no damage.
The killer bee misses you. The killer bee closely misses you.
Unknown command.
Casting: Lee's Rapid Deconstruction (slightly dangerous; 9% risk of failure)
Confirm with . or Enter, or press ? or * to list all spells.
Aiming: Lee's Rapid Deconstruction (slightly dangerous; 9% risk of failure)
Press: ? - help, Dir - move target cursor An open door.
The door shatters!
The blast of rock fragments hits the killer bee.
You kill the killer bee!
The blast of rock fragments hits the killer bee.
You kill the killer bee!
You hear two shouts!
The killer bee stings you.
* * * LOW HITPOINT WARNING * * *
The killer bee stings you!
* * * LOW HITPOINT WARNING * * *
You hear an angry buzzing noise.
Unknown command.
You hit the killer bee.
The killer bee is heavily wounded.
You hear a shout!
The killer bee stings you.
* * * LOW HITPOINT WARNING * * *
Casting: Lee's Rapid Deconstruction (slightly dangerous; 9% risk of failure)
Confirm with . or Enter, or press ? or * to list all spells.
Aiming: Stone Arrow (safe; 3% risk of failure)
Press: ? - help, Shift-Dir - straight line, f - killer bee
Aim: a killer bee (heavily wounded)
The stone arrow hits the killer bee.
You kill the killer bee!
You start resting.
The crocodile is too close now for your liking.
Casting: Stone Arrow (safe; 3% risk of failure)
Confirm with . or Enter, or press ? or * to list all spells.
Aiming: Petrify (safe; 4% risk of failure)
Press: ? - help, Shift-Dir - straight line, f - crocodile
Aim: a crocodile (hasn't noticed you, chance to defeat MR: 55%)
The crocodile resists with significant effort.
Unknown command.
Casting: Petrify (safe; 4% risk of failure)
Confirm with . or Enter, or press ? or * to list all spells.
Aiming: Petrify (safe; 4% risk of failure)
Press: ? - help, Shift-Dir - straight line, f/p - crocodile
Aim: a crocodile (chance to defeat MR: 55%)
The crocodile is moving more slowly.
A worker ant comes into view.
Unknown command.
The crocodile stops moving altogether!
A vampire mosquito comes into view.
A vampire mosquito comes into view.
The helpless crocodile fails to defend itself.
You skewer the crocodile like a kebab!!!!
You kill the crocodile!
The vampire mosquito bites you!
* * * LOW HITPOINT WARNING * * *
There is an open door here.
The vampire mosquito bites you!
You die...

#................# * ,
#................#.........
'................#..!......
, ,
#................#.........
#................#.........
,
#................+.....!..,,
#................#.....#*,
.......#####.....#..†..#
.......+,,,#....@ya....# ,,
.......#, #.....#.....#,,{ ,
....... #.....#.....# , ,
....., * #.....#....†+,
..... , +
##.....#####'##+#######
##+## ,
........................
....# ,
.............y..........
....# ,
........................
.<..#
........................


You could see a vampire mosquito and a worker ant.

Vanquished Creatures
  A hydra (D:12)
  4 two-headed ogres
  Pikel (D:5)
  2 ugly things
  A cyclops (D:11)
  Psyche (D:8)
  2 centaur skeletons
  Grinder (D:5)
  A hippogriff (D:11)
  A shadow (D:12)
  Sigmund (D:5)
  4 hogs (D:7)
  3 yaks (D:10)
  A human (D:7)
  A hungry ghost (D:12)
  2 hell hounds (D:11)
  Duvessa (D:4)
  3 necrophages
  2 sky beasts
  A black bear (D:11)
  2 orc warriors (D:11)
  2 ice beasts
  5 ogres
  3 phantoms
  A centaur (D:7)
  A crocodile (D:12)
  5 big kobolds
  2 gnoll sergeants
  5 bullfrogs
  Dowan (D:4)
  2 scorpions
  13 killer bees
  7 wights
  3 howler monkeys (D:8)
  4 crimson imps
  3 bullfrog zombies (D:8)
  2 centaur zombies
  3 orc priests
  A bullfrog skeleton (D:6)
  A jelly (D:10)
  Crazy Yiuf (D:3)
  7 hounds
  9 orc wizards
  3 iguanas
  12 worker ants
  A hound zombie (D:8)
  2 hound skeletons
  2 worker ant zombies
  8 gnolls
  11 adders
  3 shadow imps
  3 oozes
  An adder skeleton (D:5)
  2 leopard geckos
  42 orcs
  5 giant cockroaches
  10 hobgoblins
  11 jackals
  23 kobolds
  4 quokkas
  A ball python (D:2)
  4 bats
  4 frilled lizards
  A giant cockroach zombie (D:5)
  12 goblins
  4 rats
286 creatures vanquished.

Vanquished Creatures (others)
  2 slaves (D:6)
  A gnoll (D:6)
3 creatures vanquished.

Grand Total: 289 creatures vanquished

Notes
Turn   | Place    | Note
-------+----------+-------------------------------------------
     0 | D:1      | Amnesiac the Mummy Earth Elementalist began the quest for the Orb.
     0 | D:1      | Reached XP level 1. HP: 13/13 MP: 4/4
   478 | D:1      | Reached XP level 2. HP: 16/19 MP: 5/5
   485 | D:1      | Learned a level 2 spell: Passwall
   804 | D:3      | Reached skill level 1 in Transmutations
   855 | D:3      | Found a shattered altar of Ashenzari.
   860 | D:3      | Became a worshipper of Ashenzari the Shackled
  1053 | D:1      | Reached XP level 3. HP: 21/24 MP: 7/7
  1620 | D:2      | Found a glowing golden altar of the Shining One.
  1698 | D:2      | Reached skill level 1 in Short Blades
  1724 | D:2      | Found an iron altar of Okawaru.
  1987 | D:2      | Reached XP level 4. HP: 21/30 MP: 8/8
  2023 | D:2      | Learned a level 4 spell: Petrify
  2331 | D:2      | Reached skill level 2 in Short Blades
  2586 | D:2      | Noticed an ogre
  2599 | D:2      | Killed an ogre
  2599 | D:2      | Reached XP level 5. HP: 7/35 MP: 1/9
  3375 | D:2      | Learned a level 3 spell: Stone Arrow
  3731 | D:3      | Found a runed door.
  3792 | D:3      | Reached * piety under Ashenzari
  4183 | D:3      | Noticed Crazy Yiuf
  4188 | D:3      | Killed Crazy Yiuf
  4188 | D:3      | Reached XP level 6. HP: 36/41 MP: 6/11
  4548 | D:4      | Noticed Duvessa
  4548 | D:4      | Noticed Dowan
  4699 | D:4      | Killed Duvessa
  4707 | D:4      | Killed Dowan
  4707 | D:4      | Reached XP level 7. HP: 42/46 MP: 2/13
  5441 | D:5      | Entered Level 5 of the Dungeon
  5441 | D:5      | Noticed Grinder
  5456 | D:5      | Killed Grinder
  5552 | D:5      | Noticed Sigmund
  5558 | D:5      | Reached ** piety under Ashenzari
  5563 | D:5      | Killed Sigmund
  5600 | D:5      | Found an ancient bone altar of Kikubaaqudgha.
  5601 | D:5      | Found a radiant altar of Vehumet.
  5643 | D:5      | Reached skill level 5 in Transmutations
  5643 | D:5      | Reached skill level 5 in Earth Magic
  5643 | D:5      | Reached XP level 8. HP: 51/52 MP: 15/15
  5650 | D:5      | Learned a level 5 spell: Lee's Rapid Deconstruction
  5713 | D:5      | Noticed sking99's ghost (novice DrTm)
  5715 | D:5      | Found a runed door.
  5723 | D:5      | Noticed a two-headed ogre
  5753 | D:5      | HP: 1/52 [two-headed ogre/giant spiked club (27)]
  5762 | D:5      | Killed a two-headed ogre
  6122 | D:5      | Found Noitumi's Book Shop.
  6946 | D:6      | Reached skill level 3 in Short Blades
  7062 | D:6      | Reached XP level 9. HP: 42/57 MP: 10/18
  7217 | D:6      | Noticed Pikel
  7277 | D:5      | Killed Pikel
  7277 | D:5      | Reached skill level 4 in Short Blades
  7612 | D:6      | Got the uncursed robe of Nochogis {MR- Str+5}
  7623 | D:6      | Identified the +0 robe of Nochogis {MR- Str+5} (You found it on level 6 of the Dungeon)
  8021 | D:6      | Found a bloodstained altar of Trog.
  8214 | D:7      | Found a staircase to the Ecumenical Temple.
  8271 | D:7      | Reached skill level 5 in Short Blades
  8449 | D:7      | Got the halberd of the Badger {venom, rF- MP+9 Dex+8}
  8968 | D:8      | Reached XP level 10. HP: 60/63 MP: 17/19
  9007 | D:8      | Reached skill level 6 in Short Blades
  9055 | D:8      | Noticed Psyche
  9568 | D:8      | Reached skill level 5 in Stealth
  9763 | D:8      | Killed Psyche
  9955 | D:8      | Found a hide-covered altar of Uskayaw.
 10064 | D:8      | Found an ornate altar of the Wu Jian Council.
 10283 | D:9      | Reached skill level 7 in Short Blades
 10684 | D:9      | Reached *** piety under Ashenzari
 11279 | D:10     | Identified a paperback manual
 11279 | D:10     | Entered Level 10 of the Dungeon
 11480 | D:10     | Found a staircase to the Orcish Mines.
 11789 | D:10     | Reached skill level 8 in Short Blades
 11843 | D:10     | Found Raufajy's Antique Weapon Emporium.
 11848 | D:10     | Bought an ancient dagger for 224 gold pieces
 11848 | D:10     | Identified the +10 dagger of Proximity {pierce, rPois} (You bought it in a shop on level 10 of the Dungeon)
 11865 | D:10     | Found Ixtett's Assorted Antiques.
 11873 | D:10     | Bought a scroll labeled XAT CIARAECAGY for 26 gold pieces
 11873 | D:10     | Bought a scroll labeled XAT CIARAECAGY for 26 gold pieces
 11873 | D:10     | Bought a scroll labeled RAZXIOTHAD for 26 gold pieces
 11873 | D:10     | Bought a scroll labeled JOTANG RADWARA for 26 gold pieces
 11873 | D:10     | Bought a scroll labeled APREQO TUSTIE for 26 gold pieces
 12076 | D:11     | Noticed a two-headed ogre
 12076 | D:11     | Noticed a cyclops
 12076 | D:11     | Killed a two-headed ogre
 12076 | D:11     | Reached XP level 11. HP: 68/68 MP: 17/20
 12100 | D:11     | Found a staircase to the Lair.
 12198 | D:11     | Reached skill level 9 in Short Blades
 12288 | D:11     | Noticed a brown ugly thing
 12296 | D:11     | Killed a brown ugly thing
 12475 | D:11     | Noticed a two-headed ogre
 12490 | D:11     | Killed a two-headed ogre
 12706 | D:11     | Noticed a two-headed ogre
 12735 | D:11     | Killed a two-headed ogre
 12735 | D:11     | Reached skill level 10 in Short Blades
 12961 | D:12     | Noticed a white ugly thing
 12970 | D:12     | Killed a white ugly thing
 13099 | D:12     | Noticed an eight-headed hydra
 13113 | D:12     | Killed an eight-headed hydra
 13293 | D:12     | Slain by a vampire mosquito

Vault maps used:
D:1:      minmay_arrival_four_loops
D:2:      tso_metal_star, kennysheep_okawaru_gauntlet
D:3:      evilmike_ruin_ashenzari, first_ration, uniq_crazy_yiuf_cottage
D:4:      uniq_duvessa
D:5:      gammafunk_temple_overflow_pools, hellmonk_ghost_happy_afterlife,
          serial_shops, kennysheep_mini, uniq_grinder, uniq_sigmund
D:6:      bloody_trog, serial_park_tiny_1, kennysheep_generic_room_14,
          uniq_pikel
D:7:      minmay_temple_entry_large_hall, kennysheep_nub, grunt_livestock
D:8:      old_standard_altar, old_standard_altar, uniq_psyche
D:10:     orc_0_dummy, serial_shops, nicolae_shop_overgrown_old_shop, shop
D:11:     minmay_lair_entry_lava
D:12:     basic_altar

Skill      XL: |  1  2  3  4  5  6  7  8  9 10 11 |
---------------+----------------------------------+-----
Spellcasting   | 3 4 6 |  6.5
Transmutations | 1 2 3 4 5 |  5.0
Earth Magic    | 3 4 5 6 |  6.5
Stealth        | 2 4 7 |  7.0
Short Blades   | 1 2 3 5 8 10 | 10.1
Shields        | 4 |  4.0
Dodging        | 4 |  4.4

Action                   |  1- 3 |  4- 6 |  7- 9 | 10-12 || total
-------------------------+-------+-------+-------+-------++-------
Melee: Unarmed           |    21 |       |       |       ||    21
       Short sword       |   112 |    70 |       |       ||   182
       Dagger            |       |   112 |   267 |   362 ||   741
 Cast: Sandblast         |    18 |    26 |    50 |    20 ||   114
       Petrify           |       |     1 |    13 |    56 ||    70
       Passwall          |       |       |     5 |    21 ||    26
       Stone Arrow       |       |       |       |    16 ||    16
       Lee's Rapid Decon |       |       |       |    23 ||    23
 Stab: Sleeping          |     4 |     2 |     9 |    25 ||    40
       Invisible         |       |     1 |       |       ||     1
       Petrified         |       |     8 |    30 |    40 ||    78
       Petrifying        |       |       |     3 |     7 ||    10
       Distracted        |       |       |       |     1 ||     1
Armor: Robe              |    25 |    41 |    57 |    54 ||   177
Dodge: Dodged            |   100 |   115 |   176 |   156 ||   547
Block: Buckler           |       |       |    49 |    66 ||   115

Table legend:
 A = Spawn XP
 B = Non-spawn XP
 C = Spawn XP percentage of total XP
 D = Spawn monster count
 E = Non-spawn monster count
 F = Spawn count percentage of total count
 G = Total turns spent on level
                    A         B        C        D         E        F      G
               +---------+---------+-------+---------+---------+-------+---------
         Total |       0 |   18896 |   0.0 |       0 |     286 |   0.0 | 13293
               +---------+---------+-------+---------+---------+-------+---------
           D:1 |       0 |      32 |   0.0 |       0 |      19 |   0.0 |  1254
           D:2 |       0 |     247 |   0.0 |       0 |      31 |   0.0 |  1963
           D:3 |       0 |     119 |   0.0 |       0 |      15 |   0.0 |  1042
           D:4 |       0 |     518 |   0.0 |       0 |      21 |   0.0 |  1182
           D:5 |       0 |    2332 |   0.0 |       0 |      20 |   0.0 |  1680
           D:6 |       0 |     940 |   0.0 |       0 |      34 |   0.0 |   998
           D:7 |       0 |    1715 |   0.0 |       0 |      22 |   0.0 |  1536
           D:8 |       0 |    1595 |   0.0 |       0 |      27 |   0.0 |   672
           D:9 |       0 |     820 |   0.0 |       0 |      11 |   0.0 |   952
          D:10 |       0 |    2218 |   0.0 |       0 |      34 |   0.0 |   784
          D:11 |       0 |    5761 |   0.0 |       0 |      35 |   0.0 |   867
          D:12 |       0 |    2599 |   0.0 |       0 |      17 |   0.0 |   363
               +---------+---------+-------+---------+---------+-------+---------
